Map: Kairos Junction LE

Players

lIlIlIlIIlIl (Dear)

  • Race: Protoss Protoss
  • League: Master
  • Spawn Location: 5:00

OGZest (Zest) - Winner!

  • Race: Protoss Protoss
  • Spawn Location: 11:00

Event: 2019 Assembly Summer

VOD

Have the link to the VOD?

Description

Time

  • Played on: Aug. 3, 2019, 5:52 a.m.
  • Length: 9:05

All games in this series

Show
View Real Time Build Order
Export as new Build Order

lIlIlIlIIlIl Protoss 

Build Orders:  

Get SALT Encoding   

  12  0:00  Probe  
  13  0:12  Probe  
  14  0:17  Pylon  
  14  0:24  Probe  
  15  0:32  Probe  
  15  0:37  Gateway  
  15  0:40  Probe  
  16  0:46  Assimilator  
  17  0:51  Probe  
  17  0:55  Assimilator  
  18  0:59  Probe  
  19  1:07  Gateway, Probe  
  19  1:17  Probe  
  20  1:24  Cybernetics Core  
  21  1:29  Probe  
  22  1:33  Pylon  
  22  1:41  Probe  
  23  1:51  Warp Gate  
  23  1:53  Probe  
  26  2:01  Sentry, Stalker  
  28  2:11  Pylon  
  28  2:24  Shield Battery  
  28  2:28  Sentry  
  30  2:31  Stalker  
  32  2:41  Nexus  
  32  2:48  Shield Battery  
  32  2:54  Sentry  
  34  3:01  Stalker  
  35  3:15  Robotics Facility  
  35  3:17  Pylon  
  35  3:21  Probe  
  36  3:40  Shield Battery  
  35  3:42  Stalker x2  
  39  3:53  Immortal  
  43  4:14  Stalker  
  43  4:15  Stalker  
  47  4:23  Warp Prism  
  47  4:32  Probe  
  48  4:45  Probe  
  49  4:51  Immortal  
  53  5:09  Adept  
  53  5:10  Adept  
  57  5:19  Stargate  
  57  5:30  Immortal  
  61  5:44  Pylon  
  53  6:11  Stalker x2  
  53  6:14  Immortal  
  41  6:40  Sentry, Adept  
  41  6:43  Immortal  
  43  6:51  Shield Battery  
  45  7:03  Shield Battery  
  45  7:08  Stalker x2  
  45  7:31  Adept x2  
  45  7:35  Shield Battery  
  45  7:50  Adept x2  
  35  7:59  Void Ray  
  35  8:04  Shield Battery  
  33  8:08  Adept  
  33  8:10  Stalker  
  41  8:24  Adept  
  38  8:34  Adept  
Show
View Real Time Build Order
Export as new Build Order

OGZest Protoss - Winner!

Build Orders:  

Get SALT Encoding   

  12  0:00  Probe  
  13  0:12  Probe  
  14  0:17  Pylon  
  14  0:24  Probe  
  15  0:32  Probe  
  15  0:37  Gateway  
  15  0:40  Probe  
  16  0:46  Assimilator  
  17  0:51  Probe  
  17  0:54  Assimilator  
  18  1:00  Probe  
  19  1:07  Gateway  
  19  1:08  Probe  
  19  1:17  Probe  
  20  1:24  Cybernetics Core  
  21  1:29  Probe  
  22  1:33  Pylon  
  22  1:41  Probe  
  23  1:53  Probe  
  24  2:00  Stalker x2  
  24  2:01  Warp Gate  
  28  2:06  Pylon  
  28  2:30  Stalker x2  
  28  2:35  Robotics Facility  
  31  2:44  Gateway  
  31  3:00  Stalker x2  
  35  3:08  Pylon  
  35  3:12  Warp Prism  
  35  3:15  Shield Battery  
  37  3:51  Immortal  
  37  3:53  Robotics Bay  
  41  4:00  Gateway  
  41  4:12  Pylon  
  43  4:36  Disruptor  
  42  4:48  Adept x3  
  47  4:57  Adept  
  49  5:00  Pylon  
  49  5:09  Disruptor, Pylon  
  52  5:25  Adept  
  52  5:26  Adept x2  
  58  5:32  Adept  
  60  5:38  Observer  
  60  5:48  Adept x2  
  65  5:54  Adept  
  52  6:15  Adept x2  
  53  6:25  Warp Prism  
  53  6:28  Adept x2  
  52  6:45  Sentry x2  
  54  7:20  Probe  
  55  7:26  Adept x4  
  51  7:53  Adept x4  
  53  8:16  Adept x2  
  53  8:17  Adept x2  
Tags
 
Add a new tag
Caveats
  • Supply blocks, unpowered buildings, or Contaminate may cause inaccurate times.
  • Supply counts are checked every 10 seconds.